 Dungeon Crawl Stone Soup version 0.26.1-11-gd32895ea62 (webtiles) character file.

Game seed: 17313028814798907564

90 Kukuleta the Slasher (level 4, -5/38 HPs)
             Began as a Draconian Gladiator on Aug 7, 2021.
             Killed from afar by an orc wizard (8 damage)
             ... with a puff of flame
             ... on level 2 of the Dungeon.
             The game lasted 00:06:57 (1403 turns).

Kukuleta the Slasher (Draconian Gladiator)          Turns: 1403, Time: 00:06:58

Health: -5/38      AC:  5    Str: 18    XL:     4   Next: 32%
Magic:  4/4        EV: 13    Int:  8    God:
Gold:   131        SH:  0    Dex: 12    Spells: 3/3 levels left

rFire    . . .     SeeInvis .   a - +1 long sword
rCold    . . .     Faith    .   (no shield)
rNeg     . . .     Spirit   .   (armour unavailable)
rPois    .         Reflect  .   b - +0 hat
rElec    .         Harm     .   (no cloak)
rCorr    .         Rampage  .   (no gloves)
Will     .....                  (no boots)
Stlth    +.........             (no amulet)
HPRegen  0.12/turn              q - ring of flight
MPRegen  0.09/turn              (no ring)

@: no status effects
A: unfitting armour, cold-blooded, AC +5
a: Evoke Flight


You were on level 2 of the Dungeon.
You visited 1 branch of the dungeon, and saw 2 of its levels.

You collected 131 gold pieces.

Inventory:

Hand Weapons
 a - a +1 long sword (weapon)
 g - a +0 vorpal hunting sling
Missiles
 c - 3 throwing nets (quivered)
Armour
 b - a +0 hat (worn)
Jewellery
 q - a ring of flight (left hand)
Scrolls
 k - 2 scrolls of enchant weapon
 n - a scroll of amnesia {unknown}
 o - a scroll of random uselessness
 p - a scroll of teleportation {unknown}
Potions
 d - a potion of lignification {unknown}
 e - a potion of berserk rage {unknown}
 f - a potion of haste {unknown}
 h - 2 potions of magic {unknown}
 m - a potion of resistance {unknown}


   Skills:
 + Level 3.1 Fighting
 * Level 4.2 Long Blades
 - Level 1.7 Throwing
 + Level 3.3 Dodging


You had 3 spell levels left.
You didn't know any spells.
Your spell library was empty.

Dungeon Overview and Level Annotations

Branches:
Dungeon (2/15)

Altars:


Innate Abilities, Weirdness & Mutations

Your plain brown scales are hard. (AC +5)
You cannot fit into any form of body armour.
You are cold-blooded and may be slowed by cold attacks.


Message History

The orc wizard flickers and vanishes!
Deactivating autopickup; reactivate with Ctrl-A.
You bump into the rock wall.
You feel less confused. Something hits you.
You closely miss something.
Your tail-slap misses something.
The orc wizard looks encouraged for a moment.
Something hits you.
You miss something. Something hits you but does no damage.
The orc wizard gestures at you while chanting.
The puff of flame hits you.
* * * LOW HITPOINT WARNING * * *
You hear some strange, mumbled words.
A magic dart appears from out of thin air!
The magic dart hits you!
* * * LOW HITPOINT WARNING * * *
You closely miss something.
The orc wizard gestures at you while chanting.
The puff of flame hits you!
You die...

,,,,,,,,,,,,,,,#.................
*#........#***,#.#<.#####.#######
#.(......+,,,,#.#...# #.#**..,,
#........#****#.#o..####.#,..,,,
#........# #.#......#.#.#.#**
##........# #.#...##.#o.....,,
...#......# #.#...#........#**
..........###* #.#...#..##..o..,,
###..........* #@#...#..##,.o..,,
..†..........* #{#...#...#..###**
..#.#........* #o#....$.....#
..#.#######+#* #.†..[.......#
..#......##.# #.#.#######..#
#.######.##.####.#.####***.##****
...# #...............#,,,.,,,,,
#..# #..........#....#,*,,.,,,,
...# #.#...♣....+.....,,,,,,,,,


You could see an orc wizard.

Vanquished Creatures
  An orc wizard (D:1)
  2 adders (D:2)
  An ooze (D:2)
  2 dart slugs (D:1)
  A leopard gecko (D:1)
  2 orcs
  A giant cockroach (D:1)
  5 goblins
  2 hobgoblins
  4 jackals (D:1)
  6 kobolds
  3 bats
  5 frilled lizards (D:1)
  2 rats (D:1)
37 creatures vanquished.

Notes
Turn   | Place    | Note
-------+----------+-------------------------------------------
     0 | D:1      | Kukuleta the Draconian Gladiator began the quest for the
                  | Orb.
     0 | D:1      | Reached XP level 1. HP: 17/17 MP: 1/1
   126 | D:1      | You fall into a shaft and drop 1 floor!
   239 | D:1      | Reached XP level 2. HP: 22/25 MP: 2/2
   544 | D:1      | Reached XP level 3. HP: 19/30 MP: 3/3
   940 | D:1      | HP: 1/30 [orc wizard/+0 dagger (3)]
   942 | D:1      | Reached skill level 4 in Long Blades
   942 | D:1      | Reached XP level 4. HP: 1/38 MP: 4/4
  1403 | D:2      | Killed from afar by an orc wizard

Illustrated notes

Levels and vault maps discovered:
D:1:      minmay_arrival_stair_chambers, layout_rooms, minmay_lizard_pond
D:2:      layout_basic, chequers_garden

Skill      XL: |  1  2  3 |
---------------+----------+-----
Dodging        | 3 |  3.3
Fighting       | 3 |  3.1
Long Blades    | 4 |  4.2
Throwing       | |  1.7

Action                   |  1- 3 |  4- 6 || total
-------------------------+-------+-------++-------
Melee: Long sword        |    79 |    21 ||   100
       Tailslap          |    12 |     1 ||    13
  Use: Scroll            |     6 |       ||     6
 Stab: Sleeping          |     2 |       ||     2
Armor: Skin              |    23 |     1 ||    24
Dodge: Dodged            |    55 |    15 ||    70
       Rpst.: Long sword |    22 |     4 ||    26
